 Dungeon Crawl Stone Soup version 0.28.0-53-g5a82cb258f (webtiles) character file.

Game seed: 17467667344825870738

221 Sin92 the Skirmisher (level 5, -12/42 HPs)
             Began as a Demonspawn Fighter on Aug 6, 2022.
             Mangled by an orc warrior
             ... wielding a +0 halberd
              (16 damage)
             ... on level 4 of the Dungeon.
             The game lasted 00:05:52 (3446 turns).

Sin92 the Skirmisher (Demonspawn Fighter)           Turns: 3446, Time: 00:05:53

Health: -12/42     AC: 10    Str: 18    XL:     5   Next: 65%
Magic:  5/5        EV: 12    Int:  9    God:
Gold:   135        SH:  5    Dex: 13    Spells: 4/4 levels left

rFire   . . .      SeeInvis .   a - +0 long sword
rCold   . . .      Faith    .   c - +0 buckler
rNeg    . . .      Spirit   .   g - +0 chain mail
rPois   .          Reflect  .   (no helmet)
rElec   .          Harm     .   q - +0 cloak
rCorr   .          Rampage  .   (no gloves)
Will    .....                   (no boots)
Stlth   ..........              (no amulet)
HPRegen 0.14/turn               i - +4 ring of evasion
MPRegen 0.09/turn               (no ring)

@: mighty
A: sturdy frame 1, weakness stinger 1
a: no special abilities


You were on level 4 of the Dungeon.
You visited 1 branch of the dungeon, and saw 4 of its levels.

You collected 135 gold pieces.

Inventory:

Hand Weapons
 a - a +0 long sword (weapon)
Armour
 b - a +0 scale mail
 c - a +0 buckler (worn)
 g - a +0 chain mail (worn)
 q - a +0 cloak (worn)
Jewellery
 i - a +4 ring of evasion (left hand)
Scrolls
 e - 4 scrolls of identify
Potions
 f - a potion of mutation
 h - a potion of curing {unknown}
 j - a potion of heal wounds {unknown}
 k - a potion of lignification {unknown}
 l - a potion of brilliance {unknown}
 m - a potion of cancellation {unknown}
 o - a potion of ambrosia {unknown}
 p - a potion of invisibility {unknown}


   Skills:
 + Level 3.8 Fighting
 * Level 3.3 Long Blades
 + Level 3.4 Armour
 + Level 1.5 Dodging
 + Level 3.4 Shields


You had 4 spell levels left.
You didn't know any spells.
Your spell library contained the following spells:

 Spells                   Type           Power      Damage    Failure   Level
 Summon Lightning Spire   Summ/Air       0%         N/A       100%        4
 Storm Form               Tmut/Air       0%         N/A       100%        7
 Maxwell's Capacitive Co  Air            0%         ∞         100%        8


Dungeon Overview and Level Annotations

Branches:
Dungeon (4/15)
 Temple: D:4-7

Altars:

Annotations:
D:1 1 runed translucent door


Innate Abilities, Weirdness & Mutations

Your movements are slightly less encumbered by armour. (ER -2)
You have a small tail.


Message History

There are monsters nearby!
The iguana bites you.
A worm comes into view.
You block the orc warrior's attack.
There is an open door here.
There are monsters nearby!
The adder hisses angrily.
You hit the iguana but do no damage.
Your tail-slap misses the iguana.
The iguana bites you but does no damage.
The orc warrior hits you but does no damage.
The iguana bites you but does no damage.
There are monsters nearby!
You barely miss the iguana.
The orc warrior hits you from afar with a +0 halberd!
An orc comes into view. It is wielding a +0 short sword.
The iguana bites you but does no damage.
Unknown command.
You feel very mighty all of a sudden.
The orc shouts!
The orc warrior barely misses you. The adder barely misses you.
The iguana bites you but does no damage.
You slash the adder!
The adder is almost dead.
The adder barely misses you.
A hobgoblin comes into view.
The adder bites you but does no damage.
The orc warrior hits you from afar with a +0 halberd.
You closely miss the adder.
The adder is almost dead.
The adder closely misses you.
The orc warrior hits you from afar with a +0 halberd!!
* * * LOW HITPOINT WARNING * * *
The adder barely misses you.
You miss the adder.
The adder is almost dead.
You block the adder's attack. You block the orc warrior's attack.
You slash the adder!
You kill the adder!
The orc warrior hits you from afar with a +0 halberd!
You die...

#.......#....
#.. ###......#
... ##..
#.'......# ..
+...
##.##...#####
##... #
#..##.#'#...#
#....
#.##.#####......
#.. #....###
....... #+#
####...##o......
# #.#.@'lo.....
#.#####wg.... .#
#.# ..... .. #.#
#'## .# #.. #
###


You could see an orc warrior, a worm, an iguana, an orc and a hobgoblin.

Vanquished Creatures
  A water moccasin skeleton (D:4)
  A hound (D:4)
  A bullfrog skeleton (D:4)
  3 gnolls (D:4)
  4 adders
  A worm (D:3)
  3 dart slugs (D:1)
  3 orcs (D:3)
  5 ball pythons
  4 bats
  7 endoplasms
  A goblin (D:3)
  4 hobgoblins
  3 jackals (D:2)
  2 quokkas
  2 frilled lizards
  4 kobolds
  3 rats
52 creatures vanquished.

Notes
Turn   | Place    | Note
-------+----------+-------------------------------------------
     0 | D:1      | Sin92 the Demonspawn Fighter began the quest for the Orb.
     0 | D:1      | Reached XP level 1. HP: 18/18 MP: 1/1
     1 | D:1      | Found a runed translucent door.
   255 | D:1      | Gained mutation: You have a small tail. [demonic ancestry]
   255 | D:1      | Reached XP level 2. HP: 19/24 MP: 2/2
  1253 | D:2      | Gained mutation: Your movements are slightly less
                  | encumbered by armour. (ER -2) [demonic ancestry]
  1253 | D:2      | Reached XP level 3. HP: 29/29 MP: 3/3
  2174 | D:3      | Reached XP level 4. HP: 35/35 MP: 4/4
  2269 | D:3      | Found a faded altar of an unknown god.
  2588 | D:4      | Reached skill level 1 in Dodging
  2850 | D:4      | Reached XP level 5. HP: 5/42 MP: 5/5
  3435 | D:4      | Noticed an orc warrior
  3446 | D:4      | Mangled by an orc warrior

Illustrated notes

Levels and vault maps discovered:
D:1:      dpeg_arrival_caged_fury, layout_basic, hangedman_decor_clover_reticule
D:2:      layout_basic
D:3:      layout_basic, hellmonk_ecumenical_altar_heavens_door
D:4:      nicolae_cairo_tiling_very_big, layout_loops_ring

Skill      XL: |  1  2  3  4 |
---------------+-------------+-----
Long Blades    | 2 3 |  3.3
Armour         | 3 |  3.4
Shields        | 3 |  3.4
Dodging        | 1 |  1.5
Fighting       | |  3.8

Action                   |  1- 3 |  4- 6 || total
-------------------------+-------+-------++-------
Melee: Long sword        |   115 |    60 ||   175
       Tailslap          |     8 |    11 ||    19
  Use: Scroll            |     2 |     4 ||     6
       Potion            |       |     1 ||     1
Armor: Scale mail        |    50 |    11 ||    61
       Chain mail        |       |     7 ||     7
Dodge: Dodged            |    63 |    39 ||   102
Block: Buckler           |    17 |    12 ||    29
